 Dungeon Crawl Stone Soup version 0.29-a0-876-gfc89b1a5bd (webtiles) character file.

Game seed: 16760733148878300517

10521 kevlar127 the Grappler (level 11, -3/172 HPs)
             Began as a Troll Berserker on July 19, 2022.
             Was an Elder of Trog.
             Slain by a tengu warrior
             ... wielding a +0 dire flail
              (15 damage)
             ... on level 9 of the Dungeon.
             The game lasted 00:22:04 (10220 turns).

kevlar127 the Grappler (Troll Berserker)           Turns: 10220, Time: 00:22:04

Health: -3/172     AC: 12    Str: 31    XL:     11   Next: 37%
Magic:  10/10      EV: 10    Int:  3    God:    Trog [****..]
Gold:   522        SH:  0    Dex:  9    Spells: 10/10 levels left

rFire   . . .      SeeInvis .     - Unarmed
rCold   . . .      Faith    .   (no shield)
rNeg    . . .      Spirit   .   Q - +0 acid dragon scales
rPois   +          Reflect  .   (helmet restricted)
rElec   .          Harm     .   (no cloak)
rCorr   +          Rampage  .   (gloves unavailable)
Will    .....                   (boots unavailable)
Stlth   ..........              (no amulet)
HPRegen 1.18/turn               f - ring of poison resistance
MPRegen 0.12/turn               i - +4 ring of protection

@: berserking (expiring), very quick
A: large, unfitting armour, claws 3, regeneration 1, shaggy fur 1, tough skin 1
a: Renounce Religion, Berserk, Trog's Hand, Brothers in Arms


You were on level 9 of the Dungeon.
You worshipped Trog.
Trog was greatly pleased with you.
You visited 1 branch of the dungeon, and saw 9 of its levels.

You collected 704 gold pieces.
You spent 182 gold pieces at shops.

Inventory:

Missiles
 c - 121 stones
 p - 53 poisoned darts
 v - 11 boomerangs
 E - 6 large rocks (quivered)
 R - a curare-tipped dart
Armour
 r - a +0 kite shield
 Q - +0 acid dragon scales (worn)
Jewellery
 f - a ring of poison resistance (left claw)
 i - a +4 ring of protection (right claw)
 u - a +4 ring of protection
 y - a +4 ring of evasion
 I - a ring of flight
 N - a +4 ring of protection
 P - a ring of resist corrosion
Wands
 n - a wand of acid (7)
 x - a wand of polymorph (10)
 B - a wand of charming (8)
 C - a wand of flame (53)
Scrolls
 b - 8 scrolls of teleportation
 e - 2 scrolls of enchant weapon {unknown}
 h - 4 scrolls of identify
 j - 2 scrolls of magic mapping {unknown}
 k - 3 scrolls of poison
 l - 4 scrolls of fog
 m - a scroll of enchant armour {unknown}
 o - 4 scrolls of blinking
 s - 2 scrolls of noise
 z - a scroll of vulnerability {unknown}
 F - a scroll of brand weapon {unknown}
 G - 2 scrolls of immolation
 K - a scroll of amnesia {unknown}
Potions
 d - 3 potions of flight {unknown}
 g - 4 potions of attraction {unknown}
 q - 7 potions of curing
 t - 4 potions of degeneration
 w - 2 potions of brilliance {unknown}
 A - 3 potions of lignification
 D - a potion of cancellation {unknown}
 H - a potion of mutation {unknown}
 J - 2 potions of berserk rage {unknown}
 M - a potion of might
 O - a potion of resistance


   Skills:
 + Level 9.5 Fighting
 - Level 7.0 Throwing
 - Level 3.0 Dodging
 + Level 4.7 Shields
 + Level 11.3 Unarmed Combat


You had 10 spell levels left.
You didn't know any spells.
Your spell library was empty.

Dungeon Overview and Level Annotations

Branches:
Dungeon (9/15)             Temple (0/1) D:4
   Lair: D:8-11         Orc: D:9-12

Altars:
Cheibriados
Elyvilon
Kikubaaqudgha
Sif Muna
Vehumet
Yredelemnul
The Shining One

Shops:
D:9 !


Innate Abilities, Weirdness & Mutations

You are too large for most types of armour.
You have claws for hands.
Your natural rate of healing is unusually fast.
You are covered in fur. (AC +1)
You have tough skin. (AC +1)


Message History

* * * LOW HITPOINT WARNING * * *
A cyclops comes into view.
You miss the tengu warrior.
The cyclops shouts!
You hear a shout!
The centaur warrior hits you with a +0 dagger!
* * * LOW HITPOINT WARNING * * *
The centaur warrior closely misses you.
You mangle the centaur warrior!!
The centaur warrior is moderately wounded.
The tengu warrior hits you but does no damage.
The tengu warrior completely misses you.
The tengu warrior claws you.
* * * LOW HITPOINT WARNING * * *
The centaur warrior hits you with a +0 dagger.
* * * LOW HITPOINT WARNING * * *
The centaur warrior kicks you but does no damage.
You mangle the centaur warrior!!
The centaur warrior is almost dead.
The centaur warrior hits you but does no damage.
The centaur warrior kicks you.
* * * LOW HITPOINT WARNING * * *
You barely miss the centaur warrior.
The centaur warrior is almost dead.
The tengu warrior misses you. The tengu warrior barely misses you.
The tengu warrior closely misses you.
You mangle the centaur warrior!!
You kill the centaur warrior!
Trog accepts your kill.
A wraith comes into view.
Unknown command.
The tengu warrior hits you with a +0 dire flail.
* * * LOW HITPOINT WARNING * * *
The tengu warrior pecks you.
* * * LOW HITPOINT WARNING * * *
The tengu warrior claws you but does no damage.
Things that are here:
a +0 dagger; a +0 shortbow You scratch the tengu warrior but do no damage.
The tengu warrior hits you with a +0 dire flail!
You die...

#......#...###...#..#...##.##.
#......#..## ##..#..##[##..#..
####<.....#..# #......[#..)).#.
..........#..## #..#...##....#..
..........#...###...#...#....###.
..........##.......###..#...###..
..........###.....## ##....## ##.
..........# ###.### ###### ##
..........###...@.## ##.
..........##...)Q..# #..
..........#...#)#...# ##.
..........#..##.##.C# #.#
..........#.. .#. ..W. #..
..........#. ## # ..### #.#
###.......#. .# ##. ##....#.# ##
#.. ##...#.# ##.


You could see a tengu warrior, a cyclops and a wraith.

Vanquished Creatures
  A centaur warrior (D:9)
  2 two-headed ogres (D:9)
  A deep elf zephyrmancer (D:9)
  2 cyclopes (D:7)
  2 orc sorcerers (D:9)
  A manticore (D:7)
  A gargoyle (D:7)
  A komodo dragon (D:7)
  A shadow (D:9)
  4 wyverns
  2 steam dragons
  An acid dragon (D:9)
  4 water moccasins
  3 orc warriors
  A sky beast (D:7)
  4 ogres
  3 black bears
  2 centaurs
  A phantom (D:5)
  6 kobold brigands
  5 bullfrogs
  3 gnoll sergeants
  2 scorpions
  4 wights (D:8)
  3 killer bees (D:9)
  4 vampire bats (D:3)
  A jelly (D:5)
  7 hounds
  4 orc priests
  9 orc wizards
  7 gnolls
  14 adders
  2 shadow imps
  2 white imps
  An ufetubus (D:4)
  4 worms
  A dart slug (D:1)
  35 orcs
  9 endoplasms
  3 giant cockroaches (D:1)
  15 goblins
  8 hobgoblins
  3 jackals (D:1)
  32 kobolds
  5 quokkas
  5 ball pythons
  11 bats
  6 frilled lizards
  4 rats (D:1)
252 creatures vanquished.

Vanquished Creatures (collateral kills)
  A hydra (D:7)
1 creature vanquished.

Vanquished Creatures (others)
  8 plants (D:7)
8 creatures vanquished.

Grand Total: 261 creatures vanquished

Notes
Turn   | Place    | Note
-------+----------+-------------------------------------------
     0 | D:1      | kevlar127 the Troll Berserker began the quest for the Orb.
     0 | D:1      | Reached XP level 1. HP: 22/22 MP: 0/0
    99 | D:1      | Reached XP level 2. HP: 29/29 MP: 1/1
   257 | D:1      | Reached XP level 3. HP: 32/36 MP: 2/2
   375 | D:1      | Reached ** piety under Trog
   827 | D:2      | Reached XP level 4. HP: 43/45 MP: 3/3
   852 | D:2      | Reached skill level 4 in Unarmed Combat
  1267 | D:3      | Reached *** piety under Trog
  1289 | D:2      | Reached XP level 5. HP: 33/53 MP: 4/4
  1665 | D:3      | You fall into a shaft and drop 2 floors!
  1665 | D:5      | Entered Level 5 of the Dungeon
  1736 | D:5      | Noticed a black bear
  1742 | D:5      | Killed a black bear
  1743 | D:5      | Reached skill level 5 in Unarmed Combat
  1780 | D:5      | Found a sand-covered staircase.
  1883 | D:5      | Noticed an ogre
  1888 | D:5      | Reached XP level 6. HP: 61/62 MP: 5/5
  2072 | D:4      | Found a staircase to the Ecumenical Temple.
  3203 | D:5      | Reached XP level 7. HP: 71/71 MP: 6/6
  3363 | D:5      | Reached skill level 6 in Unarmed Combat
  3374 | D:5      | Reached skill level 5 in Fighting
  3744 | D:4      | Reached **** piety under Trog
  3923 | D:4      | Reached skill level 7 in Unarmed Combat
  4599 | D:3      | Found a basalt altar of Yredelemnul.
  4720 | D:3      | Found a snail-covered altar of Cheibriados.
  4815 | D:3      | Reached XP level 8. HP: 83/83 MP: 7/7
  5635 | D:6      | Reached skill level 1 in Throwing
  5694 | D:6      | Reached skill level 8 in Unarmed Combat
  5893 | D:6      | Found a glowing golden altar of the Shining One.
  6263 | D:6      | Found a shimmering blue altar of Sif Muna.
  6575 | D:7      | Found a white marble altar of Elyvilon.
  6634 | D:7      | Reached XP level 9. HP: 82/93 MP: 8/8
  6879 | D:7      | Reached ***** piety under Trog
  6905 | D:7      | Noticed a cyclops
  6914 | D:7      | Killed a cyclops
  7104 | D:7      | Reached skill level 9 in Unarmed Combat
  7161 | D:7      | Noticed a five-headed hydra
  7165 | D:7      | Killed a five-headed hydra
  7166 | D:7      | Reached skill level 5 in Throwing
  7170 | D:7      | Noticed a gargoyle
  7177 | D:7      | Killed a gargoyle
  7191 | D:7      | Noticed a komodo dragon
  7198 | D:7      | Killed a komodo dragon
  7199 | D:7      | Reached XP level 10. HP: 49/104 MP: 9/9
  7244 | D:7      | Noticed a manticore
  7254 | D:7      | Killed a manticore
  7360 | D:7      | Noticed a cyclops
  7363 | D:7      | Killed a cyclops
  7364 | D:7      | Reached skill level 10 in Unarmed Combat
  8398 | D:8      | Reached skill level 1 in Shields
  9222 | D:9      | Found Reiteo's Distillery.
  9227 | D:9      | Bought a potion of heal wounds for 70 gold pieces
  9227 | D:9      | Bought a potion of might for 56 gold pieces
  9227 | D:9      | Bought a potion of lignification for 42 gold pieces
  9227 | D:9      | Bought a potion of degeneration for 14 gold pieces
  9356 | D:9      | Found an ancient bone altar of Kikubaaqudgha.
  9434 | D:9      | Found a radiant altar of Vehumet.
 10035 | D:9      | Noticed a deep elf zephyrmancer
 10038 | D:9      | Noticed an orc sorcerer
 10041 | D:9      | Noticed an orc sorcerer
 10046 | D:9      | Noticed a soul eater
 10046 | D:9      | Noticed a rust devil
 10053 | D:9      | Killed an orc sorcerer
 10053 | D:9      | Killed a deep elf zephyrmancer
 10054 | D:9      | Reached XP level 11. HP: 41/115 MP: 10/10
 10057 | D:9      | Killed an orc sorcerer
 10105 | D:9      | Noticed a two-headed ogre
 10107 | D:9      | Killed a two-headed ogre
 10108 | D:9      | Reached skill level 11 in Unarmed Combat
 10197 | D:9      | Noticed a two-headed ogre
 10198 | D:9      | Noticed a tengu warrior
 10204 | D:9      | Noticed a centaur warrior
 10208 | D:9      | Killed a two-headed ogre
 10218 | D:9      | Killed a centaur warrior
 10220 | D:9      | Slain by a tengu warrior

Illustrated notes

Levels and vault maps discovered:
D:1:      nzn_arrival_settlement, layout_basic
D:2:      layout_loops_ring, minmay_pentomino_pile
D:3:      layout_loops_cross, amcnicky_altar_gilded, yredelemnul_altar_generic,
          roderic_batcave
D:4:      minmay_recursive_quarters, layout_basic,
          minmay_temple_entry_statues_pillars
D:5:      layout_basic, nicolae_ossuary_entry_monument, minivault_11,
          mumra_transporter_accident
D:6:      layout_layer_cave, lemuel_crystal_altar, tso_altar,
          minmay_parallelograms, nicolae_underground_beach
D:7:      cheibrodos_iron_armory, layout_basic,
          mainiacjoe_overflow_tiny_flanked, minmay_shattered_shrine
D:8:      layout_basic
D:9:      minmay_the_grid_4x2 [minmay_the_grid_outer_circle,
          minmay_the_grid_tri_star, minmay_the_grid_minigrid_small_alt,
          minmay_the_grid_plusring, minmay_the_grid_diamond_grid,
          minmay_the_grid_x, minmay_the_grid_dragon_a,
          minmay_the_grid_prize_four_corners], layout_layer_cave,
          general_overflow_altar, mainiacjoe_overflow_six_doors_small,
          serial_shops, nicolae_shop_crystal

Skill      XL: |  1  2  3  4  5  6  7  8  9 10 11 |
---------------+----------------------------------+-----
Fighting       | 3 4 5 7 8 9 |  9.5
Dodging        | 3 |  3.0
Unarmed Combat | 4 5 7 8 9 10 11 | 11.3
Throwing       | 3 5 7 |  7.0
Shields        | 3 4 |  4.7

Action                   |  1- 3 |  4- 6 |  7- 9 | 10-12 || total
-------------------------+-------+-------+-------+-------++-------
Melee: Unarmed           |   123 |   160 |   238 |   162 ||   683
       Punch             |     1 |     5 |     8 |    14 ||    28
Throw: Large rock        |       |       |     1 |     7 ||     8
       Stone             |       |       |     1 |       ||     1
Invok: Berserk           |       |       |     2 |     4 ||     6
       Brothers in Arms  |       |       |     1 |       ||     1
       Trog's Hand       |       |       |       |     2 ||     2
  Use: Scroll            |       |       |       |     8 ||     8
       Potion            |       |       |       |     1 ||     1
 Stab: Distracted        |       |     1 |       |       ||     1
Armor: Animal skin       |    60 |   109 |   100 |    43 ||   312
       Acid dragon scale |       |       |       |    22 ||    22
Dodge: Dodged            |    84 |   107 |   136 |    95 ||   422

Table legend: (Time is in decaauts)
 A = Elapsed time spent in this place.
 B = Non-inter-level travel time spent in this place.
 C = Inter-level travel time spent in this place.
 D = Time resting spent in this place.
 E = Time spent auto-exploring this place.
 F = Levels seen in this place.
 G = Mean time per level.
                   A        B        C        D        E       F      G
               +--------+--------+--------+--------+--------+-----+--------+
         Total |  10205 |   9253 |    952 |   1496 |   6427 |   9 | 1133.9 |
       Dungeon |  10205 |   9253 |    952 |   1496 |   6427 |   9 | 1133.9 |
               +--------+--------+--------+--------+--------+-----+--------+

Top non-repeatable levels by time:
     D:4: 1614 daAuts
     D:5: 1475 daAuts
     D:6: 1412 daAuts
     D:7: 1320 daAuts
     D:9: 1043 daAuts
     D:8: 995 daAuts
     D:2: 936 daAuts
     D:3: 799 daAuts
     D:1: 607 daAuts
